 Dungeon Crawl Stone Soup version 0.30-a0-1103-g25895a7845 (webtiles) character file.

Game seed: 11723400482792871657

83 Pimp the Firebug (level 4, 0/28 (30) HPs)
             Began as a Demonspawn Fire Elementalist on Apr 18, 2023.
             Slain by a wight
             ... wielding a +0 war axe
              (7 damage)
             ... on level 3 of the Dungeon.
             The game lasted 00:06:32 (2055 turns).

Pimp the Firebug (Demonspawn Fire Elementalist)     Turns: 2055, Time: 00:06:32

HP:   0/28 (30)     AC:  8    Str:  9    XL:     4   Next: 22%
MP:   1/7           EV: 12    Int: 18    God:
Gold: 92            SH:  0    Dex: 13    Spells: 1/8 levels left

rFire   . . .      SeeInvis .    f - +0 short sword
rCold   . . .      Faith    .    (no shield)
rNeg    . . .      Spirit   .    a - +0 robe
rPois   .          Reflect  .    (no helmet)
rElec   .          Rampage  .    (no cloak)
rCorr   .                        i - +2 pair of gloves
Will    .....                    o - +0 pair of boots
Stlth   ++                       c - amulet of regeneration
HPRegen 1.04/turn                k - ring of wizardry
MPRegen 0.10/turn                (no ring)

@: drained
A: icy blue scales 1, ignite blood 1
a: no special abilities


You were on level 3 of the Dungeon.
You visited 1 branch of the dungeon, and saw 3 of its levels.

You collected 92 gold pieces.

Inventory:

Hand Weapons
 f - a +0 short sword (weapon)
Missiles
 d - 4 poisoned darts
Armour
 a - a +0 robe (worn)
 i - a +2 pair of gloves (worn)
 o - a +0 pair of boots (worn)
Jewellery
 c - an amulet of regeneration (around neck)
 h - a ring of ice
 j - a ring of positive energy
 k - a ring of wizardry (left hand)
Scrolls
 b - a scroll of identify
Potions
 e - 3 potions of curing
 g - 2 potions of heal wounds


   Skills:
 + Level 2.3 Dodging
 + Level 2.4 Stealth
 + Level 2.5 Spellcasting
 + Level 1.9 Conjurations
 + Level 3.2 Fire Magic


You had one spell level left.
You knew the following spells:

 Your Spells              Type           Power      Damage    Failure   Level
a - Foxfire               Conj/Fire      44%        2x1d6     2%          1
b - Scorch                Fire           26%        2d6       2%          2
c - Flame Wave            Conj/Fire      11%        2d6       24%         4

Your spell library contained the following spells:

 Spells                   Type           Power      Damage    Failure   Level
 Inner Flame              Hex/Fire       8%         N/A       11%         3
 Volatile Blastmotes      Fire/Tloc      16%        2d11      11%         3


Dungeon Overview and Level Annotations

Branches:
Dungeon (3/15)

Altars:


Innate Abilities, Weirdness & Mutations

You are partially covered in icy blue scales. (AC +2)
Your demonic aura sometimes causes spilled blood to erupt in flames.


Message History

The wight attacks as you move away! The wight hits you with a +0 war axe.
The wight attacks as you move away! The wight barely misses you.
Casting: Foxfire (safe; 2% risk of failure)
Confirm with . or Enter, or press ? or * to list all spells.
You don't have enough magic to cast this spell.
The wight attacks as you move away! The wight misses you.
Casting: Foxfire (safe; 2% risk of failure)
Confirm with . or Enter, or press ? or * to list all spells.
You conjure some foxfire!
The wight misses you. The wight barely misses your foxfire.
The wight attacks as you move away! The wight hits you with a +0 war axe.
The wight completely misses your foxfire.
The foxfire hits the wight but does no damage.
The wight is heavily damaged.
The foxfire hits the wight but does no damage.
The wight is heavily damaged.
You closely miss the wight.
The wight is heavily damaged.
The wight hits you with a +0 war axe.
You feel drained. The jackal attacks as you move away!
The jackal barely misses you. The wight hits you with a +0 war axe.
You feel drained. The wight attacks as you move away!
The wight hits you with a +0 war axe. The jackal misses you.
You hit the jackal.
The jackal is almost dead.
The jackal closely misses you.
You hit the jackal.
You kill the jackal!
Casting: Foxfire (safe; 2% risk of failure)
Confirm with . or Enter, or press ? or * to list all spells.
You don't have enough magic to cast this spell.
The wight hits you with a +0 war axe!
* * * LOW HITPOINT WARNING * * *
Casting: Foxfire (safe; 2% risk of failure)
Confirm with . or Enter, or press ? or * to list all spells.
You conjure some foxfire!
The wight completely misses you.
The wight hits your foxfire with a +0 war axe!
Your foxfire dissipates!
The wight attacks as you move away! The wight hits you with a +0 war axe!
You die...

..# #....##.#.#........#
#.######.##.#.#.#.#.####
#.##...........†....###
#.##.###..............#
#.......#####.#.....#.#
####.##.##.#.....#.#.#.#.##
##
#..>.............#.#.#....#
z#
##.#.##.##.##†##.#.#.#.#.##
.#
#.####.##@##.##.#.#.#.#.#
.# #h# #.##vz..##.#.......#
z#######.#
#.########.###.#.###
..h##....#
#................#
.#.##.####
#.###......###.### .#.##†#
### ###..### #.# ##....#
######..#####.# ######
#.............#
###.........###


You could see a wight (ally target).

Vanquished Creatures
  3 adders (D:2)
  An orc (D:3)
  7 ball pythons
  5 endoplasms
  4 giant cockroaches
  A goblin (D:2)
  4 hobgoblins
  7 jackals
  4 kobolds
  A quokka (D:3)
  8 bats
  2 frilled lizards
  3 rats
50 creatures vanquished.

Vanquished Creatures (others)
  118 foxfires
118 creatures vanquished.

Grand Total: 168 creatures vanquished

Notes
Turn   | Place    | Note
-------+----------+-------------------------------------------
     0 | D:1      | Pimp the Demonspawn Fire Elementalist began the quest for
                  | the Orb.
     0 | D:1      | Reached XP level 1. HP: 13/13 MP: 3/3
   155 | D:1      | Gained mutation: You are partially covered in icy blue
                  | scales. (AC +2) [demonic ancestry]
   155 | D:1      | Reached XP level 2. HP: 19/19 MP: 0/5
   774 | D:1      | Reached skill level 3 in Fire Magic
   774 | D:1      | Reached XP level 3. HP: 9/24 MP: 3/6
  1291 | D:2      | Identified the +1 leather armour "Tiross" {Harm Will+}
  1449 | D:2      | Gained mutation: Your demonic aura sometimes causes spilled
                  | blood to erupt in flames. [demonic ancestry]
  1449 | D:2      | Reached XP level 4. HP: 30/30 MP: 2/7
  1714 | D:2      | Found a faded altar of an unknown god.
  1822 | D:3      | Learned a level 2 spell: Scorch
  1827 | D:3      | Learned a level 4 spell: Flame Wave
  2055 | D:3      | Slain by a wight

Illustrated notes

Levels and vault maps discovered:
D:1:      amcnicky_arrival_gap_in_the_tavern_cellar, layout_loops_cross
D:2:      layout_basic, shapermc_ecumenical_altar_notcrosses, corner_web_ring
D:3:      layout_basic, uniq_jessica

Skill      XL: |  1  2 |
---------------+-------+-----
Stealth        | 2 |  2.4
Dodging        | 2 |  2.3
Fire Magic     | 3 |  3.2
Spellcasting   | |  2.5
Conjurations   | |  1.9

Action                     |  1- 3 |  4- 6 || total
---------------------------+-------+-------++-------
  Melee: Unarmed           |     2 |       ||     2
         Short sword       |    24 |    18 ||    42
         Punch             |     1 |       ||     1
   Cast: Foxfire           |    65 |    11 ||    76
         Scorch            |       |     6 ||     6
    Use: Potion            |     6 |     2 ||     8
         Scroll            |     1 |     4 ||     5
   Stab: Sleeping          |       |     1 ||     1
 Armour: Robe              |    43 |    12 ||    55
  Dodge: Dodged            |    78 |    31 ||   109

Table legend: (Time is in decaauts)
 A = Elapsed time spent in this place.
 B = Non-inter-level travel time spent in this place.
 C = Inter-level travel time spent in this place.
 D = Time resting spent in this place.
 E = Time spent auto-exploring this place.
 F = Levels seen in this place.
 G = Mean time per level.
                   A        B        C        D        E       F      G
               +--------+--------+--------+--------+--------+-----+--------+
         Total |   2053 |   2016 |     37 |    244 |   1216 |   3 |  684.3 |
       Dungeon |   2053 |   2016 |     37 |    244 |   1216 |   3 |  684.3 |
               +--------+--------+--------+--------+--------+-----+--------+

Top non-repeatable levels by time:
     D:1: 1017 daAuts
     D:2: 778 daAuts
     D:3: 257 daAuts
